 Dungeon Crawl Stone Soup version 0.31-a0-217-g58bb5d79cf (webtiles) character file.

Game seed: 4864119999387797568

46 qw the Shield-Bearer (level 3, -5/23 HPs)
             Began as a Gargoyle Fighter on July 2, 2023.
             Slain by a gnoll
             ... wielding a +0 halberd
              (10 damage)
             ... on level 2 of the Dungeon.
             The game lasted 00:00:22 (962 turns).

qw the Shield-Bearer (Gargoyle Fighter)              Turns: 962, Time: 00:00:23

Health: -5/23      AC: 12    Str: 21    XL:     3   Next: 66%
Magic:  3/3        EV:  7    Int:  8    God:
Gold:   42         SH:  4    Dex:  9    Spells: 2/2 levels left

rFire   . . .        a - +0 war axe
rCold   . . .        c - +0 buckler
rNeg    + . .        g - +0 chain mail
rPois   inf          (no helmet)
rElec   +            (no cloak)
rCorr   .            (no gloves)
SInv    .            (no boots)
Will    .....        (no amulet) Stlth
                     (no ring)
HPRegen 0.23/turn    (no ring)
MPRegen 0.08/turn

%: no passive effects
@: no status effects
A: sickness immunity, AC +3, negative energy resistance 1, electricity
resistance, torment resistance 1, petrification resistance
a: no special abilities


You were on level 2 of the Dungeon.
You visited 1 branch of the dungeon, and saw 2 of its levels.

You collected 42 gold pieces.


Innate Abilities, Weirdness & Mutations

You are immune to sickness and miasma.
Your stone body is resilient. (AC +3)
You are immune to poison.
You resist negative energy. (rN+)
You are resistant to electric shocks. (rElec)
You are resistant to unholy torment.
You are immune to petrification.


   Skills:
 - Level 3.2 Fighting
 + Level 3.1 Axes
 - Level 1.3 Throwing
 - Level 3.2 Armour
 - Level 3.2 Shields


You had 2 spell levels left.
You didn't know any spells.
Your spell library was empty.

Inventory:

Hand Weapons
 a - a +0 war axe (weapon)
 f - a +0 club
Missiles
 j - 2 javelins (quivered)
Armour
 c - a +0 buckler (worn)
 g - a +0 chain mail (worn)
Potions
 d - a potion of might
 e - a potion of heal wounds {unknown}
 h - a potion of invisibility {unknown}
 i - a potion of curing {unknown}

Dungeon Overview and Level Annotations

Branches:
Dungeon (2/15)

Altars:


Message History

You open the door.
There is an open door here.
A gnoll comes into view. It is wielding a +0 halberd.
Found 6 stones.
The gnoll shouts!
You hear a shout!
The gnoll moves out of view.
You hear a shout! 2 gnolls come into view.
The gnoll shouts! x2
A gnoll comes into view. It is wielding a +0 club.
You slash the gnoll!
You kill the gnoll!
The gnoll barely misses you. You block the gnoll's attack.
The gnoll hits you but does no damage.
Your Throwing skill increases to level 1!
You barely miss the gnoll. The gnoll closely misses you.
You closely miss the gnoll. x2
The gnoll closely misses you. You block the gnoll's attack.
The gnoll barely misses you.
The gnoll hits you from afar with a +0 halberd.
The gnoll closely misses you. The gnoll barely misses you.
You barely miss the gnoll. x2
The gnoll barely misses you. x2; The gnoll hits you with a +0 club.
You hit the gnoll.
The gnoll is lightly wounded.
You closely miss the gnoll. The gnoll hits you with a +3 whip!
The gnoll hits you but does no damage. The gnoll completely misses you.
You hit the gnoll.
The gnoll is moderately wounded.
You barely miss the gnoll. The gnoll hits you with a +3 whip!
The gnoll hits you but does no damage. The gnoll hits you with a +0 club.
You closely miss the gnoll.
The gnoll is moderately wounded.
You hit the gnoll. You block the gnoll's attack.
The gnoll hits you from afar with a +0 halberd!
You die...

#......# ....
#.####.# ....
#...#..# ####+## ....
###.#.### .......
.... #.....# .......
.... #.....# .......
.... #.....# .......
.... #.....###gg.(...
#### #.......@g....#
####'################
#................#
#......#########.#
#......#### #.#
#.#.......######.####
#.#####...##..>.....#
#.# #...##........#
#.# #...##........#


You could see 3 gnolls.

Vanquished Creatures
  A gnoll (D:2)
  2 dart slugs (D:1)
  3 endoplasms (D:1)
  A giant cockroach (D:1)
  3 goblins (D:1)
  2 hobgoblins (D:1)
  3 jackals (D:1)
  A kobold (D:1)
  5 ball pythons
  3 bats
  A frilled lizard (D:1)
  6 rats
31 creatures vanquished.

Notes
Turn   | Place    | Note
-------+----------+-------------------------------------------
     0 | D:1      | qw the Gargoyle Fighter began the quest for the Orb.
     0 | D:1      | Reached XP level 1. HP: 14/14 MP: 1/1
     0 | D:1      | 0 ||| qw: Version: 0.3-a-40-ge99b1a8
     0 | D:1      | 0 ||| qw: Game counter: 199
     0 | D:1      | 0 ||| qw: Melee chars always use a shield: true
     0 | D:1      | 0 ||| qw: God list: Okawaru
     0 | D:1      | 0 ||| qw: Allow faded altars: false
     0 | D:1      | 0 ||| qw: Do Orc after clearing Dungeon:15 true
     0 | D:1      | 0 ||| qw: Do second Lair branch before Depths: true
     0 | D:1      | 0 ||| qw: Lair rune preference: random
     0 | D:1      | 0 ||| qw: Goals: Normal, Zot:1-4, Slime:5, God:TSO, Crypt,
                  | Tomb, Abyss, Pan, Hells, Win
     0 | D:1      | 0 ||| PLANNING D:1-11
   146 | D:1      | Found a faded altar of an unknown god.
   311 | D:1      | 311 ||| Stepping ~*~*~tactically~*~*~ (stealth).
   318 | D:1      | Reached XP level 2. HP: 19/19 MP: 2/2
   451 | D:1      | Reached skill level 3 in Axes
   515 | D:1      | Reached XP level 3. HP: 23/23 MP: 3/3
   826 | D:1      | 826 ||| UPGRADING to +0 chain mail.
   836 | D:1      | 836 ||| DROPPING +0 scale mail.
   957 | D:2      | Reached skill level 1 in Throwing
   961 | D:2      | HP: 5/23 [gnoll/+0 club (3)]
   962 | D:2      | Slain by a gnoll

Levels and vault maps discovered:
D:1:      dpeg_arrival_water_fire, layout_basic, basic_ecumenical_altar
D:2:      layout_basic, serial_shops, nicolae_shop_overgrown_old_shop,
          glass_columns_c

Skill      XL: |  1  2  3 |
---------------+----------+-----
Axes           | 2 3 |  3.1
Throwing       | 1 |  1.3
Fighting       | |  3.2
Armour         | |  3.2
Shields        | |  3.2

Action                     || total
---------------------------++-------
  Melee: War axe           ||    58
  Throw: Javelin           ||    27
 Armour: Scale mail        ||    16
         Chain mail        ||     9
  Dodge: Dodged            ||    29
  Block: Buckler           ||    16

Table legend:
 A = Non-vault XP
 B = Vault XP
 C = Vault XP percentage of total XP
 D = Non-vault monster count
 E = Vault monster count
 F = Vault count percentage of total count
                 A         B        C        D         E       F
            +---------+---------+-------+---------+---------+-------
      Total |      66 |       0 |   0.0 |      31 |       0 |   0.0
            +---------+---------+-------+---------+---------+-------
        D:1 |      48 |       0 |   0.0 |      27 |       0 |   0.0
        D:2 |      18 |       0 |   0.0 |       4 |       0 |   0.0
            +---------+---------+-------+---------+---------+-------
